 Dungeon Crawl Stone Soup version 0.20.1-1-g8b1a95d (webtiles) character file.

56 theAP the Digger (level 3, -2/19 HPs)
             Began as a Gargoyle Earth Elementalist on Sept 6, 2017.
             Killed from afar by Sigmund (6 damage)
             ... with a magic dart
             ... on level 2 of the Dungeon.
             The game lasted 00:06:03 (1592 turns).

theAP the Digger (Gargoyle Earth Elementalist)      Turns: 1592, Time: 00:06:04

Health: -2/19      AC:  5    Str: 11    XL:     3   Next: 97%
Magic:  6/7        EV: 12    Int: 16    God:
Gold:   136        SH:  0    Dex: 10    Spells: 4/8 levels left

rFire    . . .     SeeInvis .   g - -2 whip (curse)
rCold    . . .     Gourm    .   (no shield)
rNeg     + . .     Faith    .   c - +0 robe
rPois    ∞         Spirit   .   (no helmet)
rElec    +         Reflect  .   (no cloak)
rCorr    .         Harm     .   (no gloves)
MR       .....                  (no boots)
Stlth    ++........             (no amulet)
Regen    0.1/turn               (no ring)
MPRegen  0.1/turn               (no ring)

@: very slightly contaminated, hasted, very quick
A: negative energy resistance 1, electricity resistance, unbreathing,
petrification resistance, rot immunity, AC +3
a: no special abilities


You were on level 2 of the Dungeon.
You were not hungry.

You visited 1 branch of the dungeon, and saw 2 of its levels.

You collected 136 gold pieces.

Inventory:

Hand Weapons
 a - a +1 mace of crushing
 g - a cursed -2 whip (weapon)
Missiles
 b - 56 stones (quivered)
Armour
 c - a +0 robe (worn)
Scrolls
 f - 3 scrolls of identify
 h - a scroll of fog
Potions
 j - a potion of agility {unknown}
 l - a potion of haste
 m - a potion of lignification {unknown}
 n - a potion of mutation {unknown}
 p - a potion of curing {unknown}
Books
 e - a book of Geomancy

   Spells                             Type                      Level
   a - Sandblast                      Earth                        1
   b - Passwall                       Transmutation/Earth          2
   c - Stone Arrow                    Conjuration/Earth            3
   d - Petrify                        Transmutation/Earth          4
   e - Lee's Rapid Deconstruction     Earth                        5
Comestibles
 d - a bread ration
 k - 2 meat rations


   Skills:
 - Level 1.5 Dodging
 - Level 2.1 Stealth
 + Level 3.2 Spellcasting
   Level 0.7 Transmutations
 + Level 4.5 Earth Magic


You had 4 spell levels left.
You knew the following spells:

 Your Spells              Type           Power        Failure   Level  Hunger
a - Sandblast             Erth           ###...       2%          1    None
b - Stone Arrow           Conj/Erth      #.....       22%         3    ###....


Dungeon Overview and Level Annotations

Branches:
Dungeon (2/15)

Altars:

Annotations:
D:2 Sigmund


Innate Abilities, Weirdness & Mutations

You are resistant to torment.
Your stone body is resilient. (AC +3)
You are immune to poison.
You resist negative energy. (rN+)
You are resistant to electric shocks. (rElec)
You can survive without breathing.
You are immune to petrification.
You are immune to rotting.


Message History

You bump into the rock wall.
You bump into the rock wall.
You're too confused to move!
Sigmund gestures at you while chanting. The magic dart hits you!
* * * LOW HITPOINT WARNING * * *
You're too confused to move!
You bump into the rock wall.
You feel less confused.
Sigmund hits you from afar with a scythe of protection.
* * * LOW HITPOINT WARNING * * *
It was a potion of haste.
You feel yourself speed up. Sigmund casts a spell at you.
You resist with significant effort.
Sigmund casts a spell.
Sigmund flickers and vanishes!
Deactivating autopickup; reactivate with Ctrl-A.
A magic dart appears from out of thin air!
The magic dart hits you!
You die...

#.........# #####.#.###...
#....###### #.#. #... ###'##
#.#. #... #)# #.# #### #.# #.#
# #.# #@# # #.# #.########
#.###################.........
#............@...............#
############################.#
#.÷ ### # # # # #


There were no monsters in sight!

Vanquished Creatures
  2 adders (D:2)
  A dart slug (D:1)
  A leopard gecko (D:1)
  4 bats
  2 giant cockroaches (D:2)
  9 goblins
  3 hobgoblins
  2 kobolds (D:1)
  4 frilled lizards
  4 rats
32 creatures vanquished.

Notes
Turn   | Place    | Note
-------+----------+-------------------------------------------
     0 | D:1      | theAP the Gargoyle Earth Elementalist began the quest for the Orb.
     0 | D:1      | Reached XP level 1. HP: 10/10 MP: 3/3
   141 | D:1      | Reached XP level 2. HP: 15/15 MP: 1/5
   230 | D:1      | Reached skill level 4 in Earth Magic
   625 | D:2      | Reached XP level 3. HP: 19/19 MP: 4/7
   833 | D:2      | Noticed Sigmund
   849 | D:2      | Learned a level 3 spell: Stone Arrow
  1592 | D:2      | Killed from afar by Sigmund

Skill      XL: |  1  2  3 |
---------------+----------+-----
Earth Magic    | 4 |  4.5
Spellcasting   | 3 |  3.2
Dodging        | |  1.5
Stealth        | |  2.1
Transmutations | |  0.7

Action                   || total
-------------------------++-------
Melee: Whip              ||    10
 Cast: Sandblast         ||    46
       Stone Arrow       ||     2
  Use: Scroll            ||     3
       Potion            ||     3
  Eat: Meat ration       ||     1
Armor: Robe              ||     5
Dodge: Dodged            ||    21
